 Dungeon Crawl Stone Soup version 0.19-a0-1091-g463c9de (webtiles) character file.

459 Leszczynek the Warrior (level 7, -3/98 HPs)
             Began as an Ogre Conjurer on Aug 7, 2016.
             Was an Initiate of Okawaru.
             Slain by a river rat (8 damage)
             ... on level 6 of the Dungeon.
             The game lasted 00:10:41 (2081 turns).

Leszczynek the Warrior (Ogre Conjurer)              Turns: 2081, Time: 00:10:42

Health: -3/98      AC:  3    Str: 16    XL:     7   Next: 6%
Magic:  5/10       EV: 10    Int: 14    God:    Okawaru [......]
Gold:   134        SH:  0    Dex: 10    Spells: 2 memorised, 7 levels left

rFire  . . .     SeeInvis .     w - +0 giant club
rCold  . . .     Gourm    .     s - +0 robe
rNeg   . . .     Faith    .     (shield currently unavailable)
rPois  .         Spirit   .     (helmet restricted)
rElec  .         Dismiss  .     (no cloak)
rCorr  .         Reflect  .     (gloves unavailable)
SustAt .         Harm     .     (boots unavailable)
MR     .....     Clarity  +     (no amulet)
Stlth  +.........               (no ring)
                                (no ring)

@: lethally poisoned (-3 -> -4)
A: unfitting armour, clarity, tough skin 1
a: Renounce Religion


You were on level 6 of the Dungeon.
You worshipped Okawaru.
Okawaru was noncommittal.
You were hungry.

You visited 1 branch of the dungeon, and saw 6 of its levels.

You collected 134 gold pieces.

Inventory:

Hand Weapons
 a - a +0 mace
 w - a +0 giant club (weapon)
Missiles
 t - 7 silver javelins (quivered)
Armour
 s - a +0 robe (worn)
Scrolls
 d - a scroll of random uselessness {unknown}
 e - a scroll of fear {unknown}
 g - 2 scrolls of teleportation {unknown}
 h - 4 scrolls of identify {unknown}
 m - a scroll of blinking {unknown}
 o - 2 scrolls of magic mapping {unknown}
 p - a scroll of enchant weapon {unknown}
 r - 2 scrolls of enchant armour {unknown}
 x - a scroll of fog {unknown}
Potions
 i - a potion of brilliance {unknown}
 j - a potion of experience
 l - a potion of curing {unknown}
 n - a potion of cancellation {unknown}
Books
 b - a book of Conjurations

   Spells                             Type                      Level
   a - Magic Dart                     Conjuration                  1
   b - Searing Ray                    Conjuration                  2
   c - Dazzling Spray                 Conjuration/Hexes            3
   d - Fulminant Prism                Conjuration/Hexes            4
   e - Iskenderun's Mystic Blast      Conjuration                  4
   f - Iskenderun's Battlesphere      Conjuration/Charms           5
Comestibles
 c - 4 bread rations
 f - 5 chunks of flesh
 q - a meat ration
 u - a royal jelly
 v - a beef jerky


   Skills:
 - Level 15.5 Fighting
 * Level 7.0 Maces & Flails
 - Level 1.7 Dodging
 - Level 1.5 Stealth
 - Level 2.4 Spellcasting
 - Level 2.9 Conjurations


You had 7 spell levels left.
You knew the following spells:

 Your Spells              Type           Power        Failure   Level  Hunger
a - Magic Dart            Conj           ##..         10%         1    #......
b - Searing Ray           Conj           ##....       12%         2    ###....


Dungeon Overview and Level Annotations

Branches:
Dungeon (6/15)
 Temple: D:4-7

Altars:
Elyvilon
Fedhas
Hepliaklqana
Okawaru

Portals:
Sewer: D:6

Annotations:
D:4 exclusion: worker ant


Innate Abilities, Weirdness & Mutations

You are too large for most types of armour.
You have tough skin. (AC +1)
You possess an exceptional clarity of mind.


Message History

The river rat is moderately wounded.
The river rat bites you!
* * * LOW HITPOINT WARNING * * *
The river rat bites you!
* * * LOW HITPOINT WARNING * * *
Casting: Magic Dart
Confirm with . or Enter, or press ? or * to list all spells.
You don't know that spell.
Unknown command.
It was a potion of experience.
You feel more experienced!
Your Fighting skill gained 13 levels and is now at level 15!
You have reached level 7!
You feel sick. The river rat bites you.
* * * LOW HITPOINT WARNING * * *
Unknown command.
It was a potion of beneficial mutation.
Your thoughts seem clearer.
You feel fantastic! The river rat bites you!
You die...

... ###+### ##..#
≈...... ....# .≈.....
#..?#
≈_≈....####...#.#
≈≈≈.............#
.≈≈.....###.#########.
##......###Ss.......s.
######.@rs#..).....?.
######r#.######
...#.######
#.#.#<....)#
#...rr≈###.# #..s≈≈≈#
#..≈≈≈≈# #.≈≈≈≈≈#
#.≈≈≈≈∩#


You could see an adder, a river rat and 2 giant cockroaches.

Vanquished Creatures
  An ogre (D:5)
  An iguana (D:4)
  7 adders
  A worm (D:3)
  2 dart slugs
  7 bats
  2 giant cockroaches
  4 goblins
  9 hobgoblins
  9 jackals
  5 kobolds
  A quokka (D:4)
  A ball python (D:2)
  3 giant newts
  6 rats
59 creatures vanquished.

Notes
Turn   | Place    | Note
-------+----------+-------------------------------------------
     0 | D:1      | Leszczynek the Ogre Conjurer began the quest for the Orb.
     0 | D:1      | Reached XP level 1. HP: 16/16 MP: 3/3
   194 | D:1      | Reached skill level 1 in Fighting
   283 | D:1      | Reached skill level 2 in Fighting
   335 | D:1      | Reached XP level 2. HP: 28/28 MP: 1/5
   367 | D:1      | Reached skill level 1 in Maces & Flails
   376 | D:1      | Learned a level 2 spell: Searing Ray
   514 | D:2      | Reached skill level 2 in Maces & Flails
   615 | D:2      | Reached XP level 3. HP: 35/35 MP: 0/6
   827 | D:1      | Reached skill level 3 in Maces & Flails
   995 | D:2      | Reached XP level 4. HP: 34/42 MP: 1/7
  1011 | D:2      | Reached skill level 4 in Maces & Flails
  1511 | D:3      | Reached skill level 5 in Maces & Flails
  1601 | D:4      | Found an iron altar of Okawaru.
  1616 | D:4      | Became a worshipper of Warmaster Okawaru
  1650 | D:4      | Reached XP level 5. HP: 30/49 MP: 0/8
  1695 | D:4      | Found a white marble altar of Elyvilon.
  1766 | D:4      | Found a hazy altar of Hepliaklqana.
  1769 | D:4      | well shit
  1905 | D:5      | Entered Level 5 of the Dungeon
  1958 | D:5      | Noticed an ogre
  1970 | D:5      | Killed an ogre
  1970 | D:5      | Reached skill level 6 in Maces & Flails
  1997 | D:5      | Reached XP level 6. HP: 57/57 MP: 3/9
  2013 | D:5      | Noticed an ice beast
  2056 | D:6      | Found a glowing drain.
  2064 | D:6      | Found a blossoming altar of Fedhas.
  2074 | D:6      | Reached skill level 7 in Maces & Flails
  2079 | D:6      | HP: 4/57 [river rat (7)]
  2080 | D:6      | Reached skill level 15 in Fighting
  2080 | D:6      | Reached XP level 7. HP: 7/98 MP: 5/10
  2081 | D:6      | Gained mutation: You possess an exceptional clarity of mind. [potion of beneficial mutation]
  2081 | D:6      | Slain by a river rat

Vault maps used:
D:1:      dpeg_arrival_round_a, kennysheep_decorative_pillar
D:2:      serial_bayou_pond_d, uniq_natasha
D:3:      lemuel_zombie_altar_yredelemnul, minmay_misc_feat_columns,
          hangedman_feature_mirror, minivault_11
D:4:      lemuel_doored_altar, kennysheep_mini, nicolae_overflow_crystal_walls,
          okawaru_ov_weapons_minmay
D:5:      first_bread, uniq_edmund
D:6:      fedhas_altar_2, lemuel_round_altar, portal_sewer_entry_b,
          uniq_sigmund, uniq_pikel

Skill      XL: |  1  2  3  4  5  6 |
---------------+-------------------+-----
Fighting       | 2 15 | 15.5
Maces & Flails | 2 3 5 6 7 |  7.0
Dodging        | |  1.7
Stealth        | |  1.5
Spellcasting   | |  2.4
Conjurations   | |  2.9

Action                   |  1- 3 |  4- 6 |  7- 9 || total
-------------------------+-------+-------+-------++-------
Melee: Unarmed           |    18 |       |       ||    18
       Club              |    67 |    34 |       ||   101
       Mace              |       |     8 |       ||     8
       Giant club        |       |     7 |       ||     7
 Cast: Magic Dart        |    56 |    48 |       ||   104
       Searing Ray       |     1 |     3 |       ||     4
  Use: Potion            |       |     1 |     1 ||     2
  Eat: Chunk             |     2 |     4 |       ||     6
Armor: Robe              |    38 |    23 |       ||    61
Dodge: Dodged            |    70 |    42 |       ||   112
